 Dungeon Crawl Stone Soup version 0.30-a0-311-gf115ab0292 (webtiles) character file.

Game seed: 5431308651550456135

42 hikkokomori the Conjurer (level 3, -1/27 HPs)
             Began as a Demigod Conjurer on Oct 25, 2022.
             Slain by a black bear (5 damage)
             ... on level 3 of the Dungeon.
             The game lasted 00:04:03 (1981 turns).

hikkokomori the Conjurer (Demigod Conjurer)         Turns: 1981, Time: 00:04:03

Health: -1/27      AC:  3    Str:  8    XL:     3   Next: 19%
Magic:  7/17       EV: 12    Int: 24    God:
Gold:   52         SH:  0    Dex: 12    Spells: 2/6 levels left

rFire   . . .      SeeInvis .    c - +0 dagger
rCold   . . .      Faith    .    (no shield)
rNeg    . . .      Spirit   .    a - +0 robe
rPois   .          Reflect  .    (no helmet)
rElec   .          Harm     .    (no cloak)
rCorr   .          Rampage  .    j - +0 pair of gloves
Will    .....                    (no boots)
Stlth   ++........               (no amulet)
HPRegen 0.24/turn                k - ring of magical power
MPRegen 0.15/turn                (no ring)

@: no status effects
A: high MP 1, forlorn, divine attributes
a: no special abilities


You were on level 3 of the Dungeon.
You visited 1 branch of the dungeon, and saw 3 of its levels.

You collected 52 gold pieces.

Inventory:

Hand Weapons
 c - a +0 dagger (weapon)
Armour
 a - a +0 robe (worn)
 j - a +0 pair of gloves (worn)
Jewellery
 k - a ring of magical power (left hand)
 o - an amulet of the acrobat
Wands
 r - a wand of paralysis (7)
Scrolls
 f - a scroll of vulnerability {unknown}
 g - 2 scrolls of noise
 h - a scroll of magic mapping {unknown}
 i - a scroll of amnesia {unknown}
 m - a scroll of teleportation {unknown}
 n - a scroll of enchant armour {unknown}
 p - a scroll of silence {unknown}
Potions
 b - a potion of magic
 d - a potion of degeneration
 l - a potion of heal wounds
 q - a potion of might {unknown}
 s - a potion of curing


   Skills:
 + Level 0.7 Fighting
 - Level 2.1 Dodging
 - Level 2.4 Stealth
 - Level 2.0 Spellcasting
 + Level 3.9 Conjurations
 + Level 0.0 Translocations
 + Level 0.0 Fire Magic
 + Level 0.0 Air Magic


You had 2 spell levels left.
You knew the following spells:

 Your Spells              Type           Power      Damage    Failure   Level
a - Magic Dart            Conj           84%        1d7       2%          1
b - Kindle Blastsparks    Fire/Tloc/Air  4%         2d10      34%         3

Your spell library contained the following spells:

 Spells                   Type           Power      Damage    Failure   Level
 Searing Ray              Conj           42%        2d6       3%          2
 Slow                     Hex            8%         N/A       12%         1
 Dazzling Flash           Conj/Hex       24%        N/A       16%         3
 Fulminant Prism          Conj/Hex       6%         3d7       45%         4
 Iskenderun's Mystic Bla  Conj/Tloc      12%        2d5       45%         4
 Animate Armour           Summ/Erth      4%         N/A       75%         4
 Blade Hands              Tmut           1%         N/A       97%         5
 Lee's Rapid Deconstruct  Erth           1%         3d4*      97%         5
 Iron Shot                Conj/Erth      6%         9d2       100%        6


Dungeon Overview and Level Annotations

Branches:
Dungeon (3/15)

Shops:
D:1 =   D:2 (

Annotations:
D:2 1 runed translucent door, Crazy Yiuf


Innate Abilities, Weirdness & Mutations

You have an increased reservoir of magic. (+10% MP)
You shall have no god before yourself.
Your divine heritage dramatically boosts your attributes as you level up.


Message History

Confirm with . or Enter, or press ? or * to list all spells.
Okay, then.
You feel much better. The black bear bites you.
The black bear claws you but does no damage.
The black bear claws you.
The magic dart hits the black bear.
The black bear is severely wounded.
The black bear goes berserk!
The magic dart hits the black bear.
The black bear is almost dead.
The black bear bites you but does no damage.
The black bear claws you but does no damage.
The black bear closely misses you.
The magic dart hits the black bear but does no damage.
The black bear is almost dead.
The black bear barely misses you. The black bear closely misses you.
The black bear claws you but does no damage.
The black bear misses you. The black bear claws you.
The black bear closely misses you.
The magic dart hits the black bear.
The black bear is almost dead.
The black bear bites you! The black bear closely misses you.
The black bear claws you.
* * * LOW HITPOINT WARNING * * *
You are too injured to fight recklessly!
You are too injured to fight recklessly!
You are too injured to fight recklessly!
Casting: Magic Dart (safe; 2% risk of failure)
Confirm with . or Enter, or press ? or * to list all spells.
Aiming: Magic Dart (safe; 2% risk of failure)
Press: ? - help, Shift-Dir - straight line, f/p - black bear
Aim: a black bear (almost dead, berserk, 100% to hit)
The magic dart hits the black bear but does no damage.
The black bear is almost dead.
The black bear completely misses you. The black bear claws you.
* * * LOW HITPOINT WARNING * * *
The black bear claws you.
* * * LOW HITPOINT WARNING * * *
The black bear closely misses you. x2; The black bear claws you.
You die...

.. .# #.#.# #...#
..!# #+# ... #.#
#.#
#.############h#
##.##[.........@#
##...#.###########
#......# ##...#.#
###.##.# .<.....#
########


You could see a black bear (berserk).

Vanquished Creatures
  An adder (D:2)
  A worm (D:2)
  3 ball pythons
  3 bats (D:1)
  3 endoplasms (D:1)
  2 giant cockroaches (D:1)
  6 goblins
  A hobgoblin (D:2)
  2 jackals (D:1)
  2 frilled lizards
  2 kobolds
26 creatures vanquished.

Vanquished Creatures (others)
  A fungus (D:2)
  3 plants (D:2)
4 creatures vanquished.

Grand Total: 30 creatures vanquished

Notes
Turn   | Place    | Note
-------+----------+-------------------------------------------
     0 | D:1      | hikkokomori the Demigod Conjurer began the quest for the
                  | Orb.
     0 | D:1      | Reached XP level 1. HP: 14/14 MP: 5/5
   331 | D:1      | Reached XP level 2. HP: 20/20 MP: 4/7
   496 | D:1      | Found Qiota's Jewellery Emporium.
  1089 | D:2      | Found Bonuf's Antique Weapon Shoppe.
  1233 | D:2      | Reached XP level 3. HP: 27/27 MP: 8/8
  1416 | D:2      | Got Plato's Handbook of Charms
  1433 | D:2      | Learned a level 3 spell: Kindle Blastsparks
  1846 | D:2      | Found a runed translucent door.
  1847 | D:2      | Noticed Crazy Yiuf
  1969 | D:3      | Noticed a black bear
  1981 | D:3      | Slain by a black bear

Illustrated notes

Levels and vault maps discovered:
D:1:      psy_arrival_spokes, layout_basic, serial_shops, shop
D:2:      layout_loops_corners, serial_shops, shop,
          shapermc_ecumenical_altar_rom_forum, uniq_crazy_yiuf_cottage
D:3:      layout_loops_corners, grunt_temple_overflow_champion_of_chaos

Skill      XL: |  1 |
---------------+----+-----
Stealth        | 2 |  2.4
Dodging        | 2 |  2.1
Spellcasting   | 2 |  2.0
Fighting       | |  0.7
Conjurations   | |  3.9

Action                   || total
-------------------------++-------
 Cast: Magic Dart        ||    70
  Use: Scroll            ||     4
       Potion            ||     1
Armor: Robe              ||    10
Dodge: Dodged            ||    23

Table legend: (Time is in decaauts)
 A = Elapsed time spent in this place.
 B = Non-inter-level travel time spent in this place.
 C = Inter-level travel time spent in this place.
 D = Time resting spent in this place.
 E = Time spent auto-exploring this place.
 F = Levels seen in this place.
 G = Mean time per level.
                   A        B        C        D        E       F      G
               +--------+--------+--------+--------+--------+-----+--------+
         Total |   1979 |   1934 |     45 |      0 |   1767 |   3 |  659.7 |
       Dungeon |   1979 |   1934 |     45 |      0 |   1767 |   3 |  659.7 |
               +--------+--------+--------+--------+--------+-----+--------+

Top non-repeatable levels by time:
     D:2: 1038 daAuts
     D:1: 911 daAuts
     D:3: 29 daAuts
